AoeStats
← rodcamu

Arabian Desert

509921641Analyzed
1v1 RM · 4d ago on Sep 28, 2026· 42m 18s· 2 players
Game mode
Random Map
Map size
Tiny (2 player)
Population
200
Speed
Normal
Resources
Standard
Victory
Conquest
Starting age
Dark Age
Ending age
Imperial Age
RankedLock teamsTeams togetherTeam positionsShared explorationLock speedFull tech treeHidden civsTurbo modeCheats
Victory
Defeat
🇦🇷 Khmer · Argentina
907
+14
🇪🇸 Goths · Spain
869
-14
rodcamu
3:28 Loom
10:52 Feudal Age
11:39 Town Watch
11:38 Man-at-Arms
13:14 Scale Mail Armor
14:01 Forging
17:36 Padded Archer Armor
17:27 Fletching
23:14 Castle Age
23:18 Town Watch
24:42 Chain Mail Armor
26:19 Double-Bit Axe
27:50 Town Watch
28:13 Squires
27:35 Pikeman
30:15 Masonry
29:57 Elite Skirmisher
31:20 Wheelbarrow
32:44 Town Patrol
35:32 Iron Casting
39:58 Bodkin Arrow
40:20 Leather Archer Armor
42:02 Ballistics
42:31 Bow Saw
Vagorr_
9:52 Feudal Age
13:17 Loom
15:54 Double-Bit Axe
16:17 Fletching
26:36 Castle Age
25:52 Horse Collar
26:56 Scale Barding Armor
27:02 Forging
28:07 Husbandry
28:18 Bloodlines
27:49 Elite Skirmisher
28:01 Crossbowman
29:21 Bow Saw
32:59 Chain Barding Armor
34:04 Iron Casting
34:35 Bodkin Arrow
39:18 Padded Archer Armor
40:26 Wheelbarrow
39:52 Heavy Plow
40:36 Leather Archer Armor
Connection lost

Rejoining the realm…

Still unreachable

The connection could not be restored.

Session expired

The server has moved on; the page needs a fresh start.